 Dungeon Crawl Stone Soup version 0.20.1-1-g8b1a95d (webtiles) character file.

57528 torrenera the Prestidigitator (level 14, -2/110 HPs)
             Began as a Demonspawn Fire Elementalist on Aug 30, 2017.
             Was the Champion of Makhleb.
             Killed from afar by Azrael (24 damage)
             ... with damnation
             ... on level 2 of the Orcish Mines.
             The game lasted 01:50:08 (34429 turns).

torrenera the Prestidigitator (DsFE)               Turns: 34429, Time: 01:50:09

Health: -2/110     AC: 23    Str:  6    XL:     14   Next: 46%
Magic:  0/26       EV: 13    Int: 18    God:    Makhleb [******]
Gold:   1649       SH:  0    Dex: 15    Spells: 16/30 levels left

rFire    . . .     SeeInvis +   H - +3 rapier of Lies {freeze, rN++ SInv}
rCold    + + +     Gourm    .   (no shield)
rNeg     + + .     Faith    .   a - +4 scale mail {rC+}
rPois    +         Spirit   +   B - +1 helmet
rElec    .         Reflect  .   g - +0 cloak {+Inv}
rCorr    .         Harm     .   E - +2 pair of gloves
MR       +....                  X - +0 pair of boots
Stlth    +.........             U - amulet of rage
Regen    0.3/turn               Z - ring of poison resistance
MPRegen  0.2/turn               n - ring of Joy {rC++ EV+3 Str-5}

@: sanguine armour
A: hooves 2, demonic guardian 2, magic shield, sanguine armour 1
a: Minor Destruction, Lesser Servant of Makhleb, Major Destruction, Greater
Servant of Makhleb, Renounce Religion, Evoke Berserk Rage, Evoke Invisibility


You were on level 2 of the Orcish Mines.
You worshipped Makhleb.
Makhleb was exalted by your worship.
You were not hungry.

You visited 3 branches of the dungeon, and saw 20 of its levels.
You also visited: Labyrinth.

You collected 2124 gold pieces.
You spent 475 gold pieces at shops.

Inventory:

Hand Weapons
 H - the +3 rapier of Lies (weapon) {freeze, rN++ SInv}
   (You found it on level 6 of the Dungeon)

   It has been specially enchanted to freeze those struck by it, causing extra
   injury to most foes and up to half again as much damage against particularly
   susceptible opponents.
   It can also slow down cold-blooded creatures.
   It greatly protects you from negative energy.
   It lets you see invisible.
Armour
 a - a +4 scale mail of cold resistance (worn)
 g - a +0 cloak of invisibility (worn)
 y - the +1 robe "Piysagef" {rElec rCorr Stlth+}
   (You bought it in a shop on level 10 of the Dungeon)

   It insulates you from electricity.
   It protects you from acid and corrosion.
   It makes you more stealthy.
 B - a +1 helmet (worn)
 E - a +2 pair of gloves (worn)
 S - a +2 chain mail of poison resistance
 X - a +0 pair of boots (worn)
Magical Staves
 u - an uncursed staff of wizardry
Jewellery
 k - an uncursed ring of stealth
 n - the ring of Joy (right hand) {rC++ EV+3 Str-5}
   (You found it in a labyrinth)

   [ring of evasion]

   It affects your evasion (+3).
   It affects your strength (-5).
   It greatly protects you from cold.
 q - an uncursed ring of see invisible
 A - an uncursed ring of magical power
 D - a +3 ring of evasion
 N - an uncursed ring of positive energy
 P - an uncursed ring of stealth
 U - an amulet of rage (around neck)
 Z - a ring of poison resistance (left hand)
Wands
 s - a wand of iceblast (10/15)
 w - a wand of enslavement (13/24)
 x - a wand of acid (7/15)
 C - a wand of paralysis (9/24)
 O - a wand of iceblast (5/15)
 Q - a wand of acid (4/15)
 V - a wand of lightning (7/15)
Scrolls
 e - 3 scrolls of blinking
 j - 5 scrolls of remove curse
 m - 9 scrolls of teleportation
 p - 5 scrolls of magic mapping
 z - 3 scrolls of fear
 M - 2 scrolls of immolation
 W - 3 scrolls of fog
 Y - a scroll of vulnerability
Potions
 i - 3 potions of resistance
 l - a potion of brilliance
 t - a potion of flight
 v - 4 potions of might
 F - 6 potions of lignification
 I - 5 potions of haste
 J - a potion of mutation {unknown}
 K - 9 potions of curing
 L - 2 potions of berserk rage
 R - a potion of heal wounds
 T - a potion of agility
Books
 b - a book of Battle

   Spells                             Type                      Level
   a - Infusion                       Charms                       1
   b - Shroud of Golubria             Charms/Translocation         2
   c - Song of Slaying                Charms                       2
   d - Spectral Weapon                Hexes/Charms                 3
   e - Regeneration                   Charms/Necromancy            3
 d - the Reference Book on Poison and Clay
   (You found it in a labyrinth)

   Spells                             Type                      Level
   a - Sandblast                      Earth                        1
   b - Passwall                       Transmutation/Earth          2
   c - Olgreb's Toxic Radiance        Poison                       4
   d - Iron Shot                      Conjuration/Earth            6
 f - a book of Party Tricks

   Spells                             Type                      Level
   a - Summon Butterflies             Summoning                    1
   b - Apportation                    Translocation                1
   c - Lesser Beckoning               Translocation                3
   d - Tukima's Dance                 Hexes                        3
   e - Alistair's Intoxication        Transmutation/Poison         5
   f - Invisibility                   Hexes                        6
 h - a book of Transfigurations

   Spells                             Type                      Level
   a - Irradiate                      Conjuration/Transmutation    5
   b - Statue Form                    Transmutation/Earth          6
   c - Hydra Form                     Transmutation                6
   d - Dragon Form                    Transmutation                7
 o - a book of Clouds

   Spells                             Type                      Level
   a - Poisonous Vapours              Poison/Air                   2
   b - Mephitic Cloud                 Conjuration/Poison/Air       3
   c - Conjure Flame                  Conjuration/Fire             3
   d - Freezing Cloud                 Conjuration/Ice/Air          6
   e - Ring of Flames                 Charms/Fire                  7
Comestibles
 c - 11 bread rations
 r - 2 royal jellies


   Skills:
 - Level 10.0 Fighting
 - Level 2.9 Short Blades
 - Level 10.7 Dodging
 - Level 1.7 Stealth
 - Level 8.9 Spellcasting
 + Level 9.7 Conjurations
 + Level 8.8 Fire Magic
 - Level 9.0 Invocations
 - Level 11.2 Evocations


You had 16 spell levels left.
You knew the following spells:

 Your Spells              Type           Power        Failure   Level  Hunger
a - Flame Tongue          Conj/Fire      #####        3%          1    None
b - Conjure Flame         Conj/Fire      #####...     10%         3    None
c - Sticky Flame          Conj/Fire      #####...     32%         4    ###....
d - Fireball              Conj/Fire      #####.....   67%         5    #####..
e - Apportation           Tloc           #.....       85%         1    None


Dungeon Overview and Level Annotations

Branches:
Dungeon (12/15)            Temple (0/1) D:6            Lair (6/6) D:8
 Shoals (0/4) Lair:3        Snake (0/4) Lair:4        Slime (0/5) Lair:6
    Orc (2/2) D:10            Elf (0/3) Orc:2

Altars:
Ashenzari
Elyvilon
Fedhas
Gozag
Makhleb
Trog
Jiyva

Shops:
D:6 *   D:10 [   D:12 ::

Annotations:
D:12 Rupert
Orc:2 Azrael


Innate Abilities, Weirdness & Mutations

You have hoof-like feet.
A demonic guardian rushes to your aid.
When hurt, damage is shared between your health and your magic reserves.
When seriously injured, your bleeding wounds create armour. (AC +6)


Message History

The fire elemental hits your soul eater.
The fire elemental burns your soul eater!
The hell hound bites your soul eater!
Your soul eater hits the fire elemental!!
The hell hound bites your soul eater but does no damage.
The fire elemental hits you. The fire elemental closely misses you.
The fire elemental hits you. The fire elemental burns you!
Your soul eater hits the fire elemental.
The hell hound bites your soul eater but does no damage.
The fire elemental hits you. The fire elemental burns you!
* * * LOW HITPOINT WARNING * * *
Your soul eater hits the hell hound!
Your surroundings suddenly seem different.
Found 17 gold pieces.
Found a staircase to the Elven Halls.
Azrael gestures at you.
The fireball explodes!
The fireball engulfs you!
* * * LOW HITPOINT WARNING * * *
Azrael gestures at you.
The sphere of damnation explodes!
The damnation engulfs you!
You die...

# ...... # ....... # ........# #
.........##################
.......................#.##.
..............##..........#.
.>..........................
...........@..$........#....
........................#.##
........................###
..§..........................##
§§..........h.................#
.......$................###..## #
........#.E..#............#.#####
.........§R..#E...............##.
............#§............#......


You could see Azrael, 2 fire elementals and a hell hound.

Vanquished Creatures
  An azure jelly (Lair:6)
  A stone giant (Orc:1)
  A minotaur (Lab)
  Harold (Lair:2)
  A hydra (Lair:6)
  A catoblepas (Lair:6)
  The ghost of Zedayar the Grappler, a novice TrBe of Trog (Lair:1)
  2 two-headed ogres
  2 death yaks (Lair:5)
  3 skeletal warriors (D:11)
  A manticore (D:11)
  A cyclops (D:12)
  5 elephants
  4 black mambas
  A torpor snail (Lair:5)
  A gargoyle (D:11)
  2 rime drakes (Lair:6)
  15 spiny frogs
  2 komodo dragons (Lair:5)
  3 trolls (Orc:1)
  A polar bear (Lair:6)
  A minotaur zombie (Lab)
  3 tyrant leeches (Lair:6)
  2 dream sheep (Lair:6)
  20 blink frogs
  A hornet (D:10)
  9 hippogriffs
  A meliai zombie (D:11)
  A wyvern (D:12)
  36 yaks
  2 basilisks
  A hungry ghost (D:12)
  6 vampire mosquitoes
  A soldier ant (D:10)
  8 water moccasins
  9 porcupines
  16 orc warriors
  A black bear (D:7)
  4 sky beasts
  2 phantoms
  An eye of draining (D:9)
  5 ice beasts
  11 ogres
  5 wolves
  2 centaurs (Lair:3)
  13 crocodiles
  2 big kobolds
  2 gnoll sergeants
  26 bullfrogs
  A wyvern zombie (D:10)
  A wyvern skeleton (D:8)
  9 scorpions
  15 killer bees
  11 wights
  3 howler monkeys (D:7)
  3 electric eels
  10 crimson imps
  A quasit (D:6)
  2 centaur skeletons (D:10)
  17 orc wizards
  8 orc priests
  6 hounds
  3 jellies
  A gnoll shaman (D:4)
  7 iguanas
  5 hell rats (Lair:6)
  12 worker ants
  A killer bee zombie (D:10)
  A hound zombie (D:7)
  2 worker ant zombies
  A howler monkey zombie (D:4)
  51 gnolls
  15 adders
  A shadow imp (D:5)
  3 oozes
  An adder zombie (D:8)
  5 worms
  A dart slug (D:4)
  5 leopard geckos
  51 orcs
  3 giant cockroaches
  13 goblins
  10 hobgoblins
  22 jackals
  8 quokkas
  2 ball pythons
  12 bats
  4 frilled lizards
  16 kobolds
  2 leopard gecko skeletons (D:4)
  A quokka skeleton (D:4)
  4 rats
  A fungus (D:9)
592 creatures vanquished.

Vanquished Creatures (collateral kills)
  Erolcha (D:12)
  3 hydras
  2 two-headed ogres
  3 death yaks (Lair:5)
  Sonja (Lair:2)
  An ugly thing (D:12)
  A deep elf mage (D:12)
  An orc sorcerer (Orc:1)
  6 elephants
  A black mamba (Lair:2)
  Psyche (D:8)
  6 spiny frogs
  A minotaur zombie (Lab)
  Prince Ribbit (D:7)
  A tyrant leech (Lair:6)
  11 blink frogs
  A hippogriff (Lair:6)
  9 dream sheep (Lair:6)
  29 yaks
  A wyvern (Lair:4)
  A hungry ghost (D:8)
  3 vampire mosquitoes
  8 water moccasins (Lair:4)
  A porcupine (Lair:4)
  2 centaurs
  2 crocodiles
  6 bullfrogs
  2 killer bees (D:8)
  An orc priest (D:3)
  An iguana (D:3)
  A gnoll (D:4)
  3 adders (Lair:4)
  3 orcs
  2 ball pythons (Lair:4)
  A fungus (Lair:4)
118 creatures vanquished.

Vanquished Creatures (others)
  14 fungi
  116 plants
130 creatures vanquished.

Grand Total: 840 creatures vanquished

Notes
Turn   | Place    | Note
-------+----------+-------------------------------------------
     0 | D:1      | torrenera the Demonspawn Fire Elementalist began the quest for the Orb.
     0 | D:1      | Reached XP level 1. HP: 13/13 MP: 3/3
   175 | D:1      | Gained mutation: When hurt, damage is shared between your health and your magic reserves. [demonic ancestry]
   175 | D:1      | Reached XP level 2. HP: 19/19 MP: 1/5
  1099 | D:2      | Found a shattered altar of Ashenzari.
  1166 | D:2      | Gained mutation: You have large cloven feet. [demonic ancestry]
  1166 | D:2      | Reached XP level 3. HP: 20/24 MP: 3/6
  2057 | D:2      | Reached XP level 4. HP: 25/30 MP: 3/7
  3281 | D:3      | Learned a level 3 spell: Conjure Flame
  3286 | D:3      | Learned a level 4 spell: Sticky Flame
  3435 | D:3      | Gained mutation: A weak demonic guardian rushes to your aid. [demonic ancestry]
  3435 | D:3      | Reached XP level 5. HP: 19/35 MP: 0/9
  4708 | D:4      | Found a burning altar of Makhleb.
  4740 | D:3      | Reached skill level 5 in Fire Magic
  5083 | D:3      | Reached XP level 6. HP: 32/41 MP: 4/11
  5961 | D:4      | Became a worshipper of Makhleb the Destroyer
  6714 | D:5      | Entered Level 5 of the Dungeon
  7312 | D:4      | Reached XP level 7. HP: 46/46 MP: 10/14
  7380 | D:4      | Reached * piety under Makhleb
  7422 | D:4      | Reached skill level 5 in Spellcasting
  7871 | D:4      | HP: 1/46 [gnoll (7)]
  8381 | D:4      | Reached ** piety under Makhleb
  8944 | D:4      | Reached XP level 8. HP: 52/52 MP: 4/17
  9343 | D:5      | Found an opulent altar of Gozag.
 10197 | D:6      | Got an iridescent rapier
 10198 | D:6      | Identified the +3 rapier of Lies {freeze, rN++ SInv} (You found it on level 6 of the Dungeon)
 10255 | D:6      | Found Anaom's Assorted Antiques.
 10465 | D:6      | Reached skill level 5 in Conjurations
 10760 | D:6      | Reached skill level 1 in Fighting
 10948 | D:6      | Found a staircase to the Ecumenical Temple.
 10954 | D:6      | Found a blossoming altar of Fedhas.
 11306 | D:6      | Found a white marble altar of Elyvilon.
 11657 | D:7      | Reached *** piety under Makhleb
 11678 | D:7      | Gained mutation: You have hoof-like feet. [demonic ancestry]
 11678 | D:7      | Reached XP level 9. HP: 59/64 MP: 11/18
 11860 | D:7      | Reached skill level 5 in Fighting
 12124 | D:7      | Noticed Prince Ribbit
 12137 | D:7      | Killed Prince Ribbit
 13025 | D:8      | Noticed a two-headed ogre
 13324 | D:8      | Reached **** piety under Makhleb
 13324 | D:8      | Gained mutation: A demonic guardian rushes to your aid. [demonic ancestry]
 13324 | D:8      | Reached XP level 10. HP: 83/83 MP: 15/19
 13377 | D:8      | Noticed Psyche
 13378 | D:8      | Killed Psyche
 13621 | D:8      | Killed a two-headed ogre
 13621 | D:8      | Reached skill level 10 in Fighting
 14106 | D:8      | Found a staircase to the Lair.
 14766 | D:9      | Noticed a two-headed ogre
 14773 | D:9      | Killed a two-headed ogre
 14773 | D:9      | Reached skill level 5 in Dodging
 15467 | D:9      | Found a bloodstained altar of Trog.
 16425 | D:10     | Entered Level 10 of the Dungeon
 16434 | D:10     | Reached ***** piety under Makhleb
 16492 | D:10     | Noticed a two-headed ogre
 16503 | D:10     | Killed a two-headed ogre
 16503 | D:10     | Gained mutation: When seriously injured, your bleeding wounds create armour. (AC +6) [demonic ancestry]
 16503 | D:10     | Reached XP level 11. HP: 83/90 MP: 7/20
 16814 | D:10     | Found a staircase to the Orcish Mines.
 16815 | D:10     | Found Furideel's Armour Shop.
 17064 | D:10     | Bought a +0 cloak of invisibility for 138 gold pieces
 17064 | D:10     | Bought the +1 robe "Piysagef" {rElec rCorr Stlth+} for 337 gold pieces
 17867 | Lair:1   | Entered Level 1 of the Lair of Beasts
 17928 | Lair:1   | Noticed Zedayar's ghost (novice TrBe)
 17954 | Lair:1   | Killed Zedayar's ghost
 18426 | Lair:1   | Reached skill level 10 in Dodging
 18788 | Lair:2   | Learned a level 5 spell: Fireball
 19503 | Lair:2   | Noticed Harold
 19526 | Lair:2   | Reached skill level 1 in Invocations
 19560 | Lair:2   | Killed Harold
 19705 | Lair:2   | Reached skill level 5 in Invocations
 19918 | Lair:2   | Noticed Sonja
 20051 | Lair:3   | Identified the Tome of the Earthen Escort
 20279 | Lair:3   | Found a staircase to the Shoals.
 20293 | Lair:3   | Reached XP level 12. HP: 97/97 MP: 6/21
 21319 | Lair:2   | Killed Sonja
 21625 | Lair:4   | Reached skill level 1 in Evocations
 21857 | Lair:4   | Reached skill level 2 in Evocations
 21918 | Lair:4   | Reached skill level 3 in Evocations
 21931 | Lair:4   | Reached skill level 4 in Evocations
 21960 | Lair:4   | Reached skill level 5 in Evocations
 22180 | Lair:4   | Found a staircase to the Snake Pit.
 22947 | Lair:5   | Reached skill level 6 in Evocations
 23317 | Lair:5   | Reached skill level 7 in Evocations
 23438 | Lair:5   | Noticed a death yak
 23444 | Lair:5   | Noticed a death yak
 23447 | Lair:5   | Killed a death yak
 23454 | Lair:5   | Killed a death yak
 23454 | Lair:5   | Reached skill level 8 in Evocations
 23460 | Lair:5   | Noticed a death yak
 23461 | Lair:5   | Noticed a death yak
 23464 | Lair:5   | Noticed a death yak
 23469 | Lair:5   | Killed a death yak
 23476 | Lair:5   | Killed a death yak
 23477 | Lair:5   | Killed a death yak
 23629 | Lair:5   | Reached skill level 9 in Evocations
 23847 | Lair:5   | Noticed an eight-headed hydra
 23851 | Lair:5   | Killed an eight-headed hydra
 23876 | Lair:6   | Entered Level 6 of the Lair of Beasts
 23884 | Lair:6   | Reached skill level 1 in Short Blades
 24086 | Lair:6   | Reached XP level 13. HP: 103/103 MP: 15/22
 24740 | Lair:5   | Reached skill level 10 in Evocations
 25615 | Lair:6   | Reached ****** piety under Makhleb
 26520 | Lair:6   | Reached skill level 11 in Evocations
 27632 | Lair:6   | Found a viscous altar of Jiyva.
 27632 | Lair:6   | Found a staircase to the Slime Pits.
 28727 | Lair:6   | Got an amethyst-encrusted leather armour
 28768 | Lair:6   | Noticed an azure jelly
 28856 | Lair:2   | Identified the cursed +0 leather armour "Jurath" {rF+} (You found it on level 6 of the Lair of Beasts)
 29064 | Lair:6   | Killed an azure jelly
 29397 | D:11     | Learned a level 1 spell: Apportation
 29411 | D:11     | Reached XP level 14. HP: 109/110 MP: 23/24
 31241 | D:12     | Noticed Rupert
 31298 | D:12     | Noticed Gastronok
 31393 | D:12     | Found Tyergh's Book Shoppe.
 31422 | D:12     | Found Eson's Book Shop.
 31707 | D:12     | Noticed Erolcha
 31755 | D:12     | Killed Erolcha
 31880 | Orc:1    | Entered Level 1 of the Orcish Mines
 32244 | Orc:1    | Noticed a stone giant
 32255 | Orc:1    | HP: 1/110 [stone giant (33)]
 32655 | Orc:1    | Killed a stone giant
 33518 | Orc:2    | Entered Level 2 of the Orcish Mines
 33721 | Orc:2    | Found a labyrinth entrance.
 33826 | Lab      | Entered a labyrinth
 34111 | Lab      | Identified the Reference Book on Poison and Clay
 34127 | Lab      | Got a shimmering glass ring
 34130 | Lab      | Identified the ring of Joy {rC++ EV+3 Str-5} (You found it in a labyrinth)
 34411 | Orc:2    | Noticed Azrael
 34425 | Orc:2    | Found a staircase to the Elven Halls.
 34429 | Orc:2    | Killed from afar by Azrael

Skill      XL: |  1  2  3  4  5  6  7  8  9 10 11 12 13 14 |
---------------+-------------------------------------------+-----
Fire Magic     | 3 4 5 6 7 8 |  8.8
Spellcasting   | 3 4 6 7 8 |  8.9
Conjurations   | 6 9 |  9.7
Fighting       | 3 9 10 | 10.0
Dodging        | 7 10 | 10.7
Invocations    | 6 9 |  9.0
Evocations     | 9 11 | 11.2
Short Blades   | 1 2 |  2.9
Stealth        | |  1.7

Action                   |  1- 3 |  4- 6 |  7- 9 | 10-12 | 13-15 || total
-------------------------+-------+-------+-------+-------+-------++-------
Melee: Dagger            |    50 |   140 |       |       |       ||   190
       Kick              |     6 |    32 |    38 |    30 |       ||   106
       Whip              |       |     4 |    57 |       |       ||    61
       Rapier            |       |       |    88 |   595 |   452 ||  1135
       Staff             |       |       |       |       |    40 ||    40
 Fire: Blowgun           |       |       |     9 |       |       ||     9
Throw: Stone             |     1 |     7 |     1 |     9 |    17 ||    35
 Cast: Flame Tongue      |    34 |   144 |   250 |   108 |   100 ||   636
       Sticky Flame      |       |       |    17 |    99 |   159 ||   275
       Fireball          |       |       |       |       |    30 ||    30
Invok: Lesser Servant of |       |       |       |     4 |     4 ||     8
Evoke: Wand              |       |       |     3 |     5 |     5 ||    13
  Use: Potion            |       |     5 |     1 |       |     2 ||     8
       Scroll            |       |       |     7 |    17 |     8 ||    32
 Stab: Sleeping          |     2 |     1 |     2 |     9 |     9 ||    23
       Distracted        |       |       |       |     2 |     2 ||     4
       Petrified         |       |       |       |       |     1 ||     1
  Eat: Chunk             |     4 |    16 |    22 |    42 |    55 ||   139
       Fruit             |       |       |       |     2 |       ||     2
       Meat ration       |       |       |       |     1 |     1 ||     2
       Bread ration      |       |       |       |       |     1 ||     1
Armor: Robe              |    13 |    42 |    78 |   141 |   153 ||   427
       Scale mail        |       |       |       |       |    16 ||    16
Dodge: Dodged            |    59 |   207 |   205 |   790 |   901 ||  2162
